 Dungeon Crawl Stone Soup version 0.18.1-50-g88ac8fd (webtiles) character file.

13307 Gianozzolo the Grappler (level 11, 0/92 HPs)
             Began as a Green Draconian Transmuter on Nov 27, 2017.
             Was the Champion of Makhleb.
             Slain by a minotaur
             ... wielding the +9 great sword of the Lair of Beasts {slice, rF+}
              (7 damage)
             ... in a labyrinth.
             The game lasted 00:29:44 (11345 turns).

Gianozzolo the Grappler (DrTm)                     Turns: 11345, Time: 00:29:44

Health: 0/92       AC: 11    Str: 13    XL:     11   Next: 73%
Magic:  0/17       EV: 14    Int: 17    God:    Makhleb [******]
Gold:   526        SH:  0    Dex: 11    Spells: 4 memorised, 4 levels left

rFire  + . .     SeeInvis .       - Unarmed
rCold  . . .     Gourm    .     (armour unavailable)
rNeg   . . .     Faith    .     (shield currently unavailable)
rPois  +         Spirit   +     (helmet restricted)
rElec  .         Dismiss  .     t - +0 cloak
rCorr  .         Reflect  .     (gloves currently unavailable)
SustAt .         Harm     .     F - +2 pair of boots {Fly}
MR     +....                    l - amulet of guardian spirit
Stlth  +.........               s - ring of protection from fire
                                d - ring of protection from magic

@: blade hands, flying, somewhat resistant to hostile enchantments, very
unstealthy
A: breathe noxious fumes, unfitting armour, poison resistance, cold-blooded, AC
+7
a: Breathe Noxious Fumes, End Transformation, Minor Destruction, Lesser Servant
of Makhleb, Major Destruction, Greater Servant of Makhleb, Renounce Religion,
Stop Flying


You were in a labyrinth.
You worshipped Makhleb.
Makhleb was exalted by your worship.
You were very hungry.
You had blades for hands.
You visited 2 branches of the dungeon, and saw 12 of its levels.
You also visited: Labyrinth and Bailey.

You collected 526 gold pieces.

Inventory:

Armour
 t - a +0 cloak (worn)
 F - a +2 pair of boots of flying (worn)
Jewellery
 d - a ring of protection from magic (left scythe-like blade)
 l - an amulet of guardian spirit (around neck)
 s - a ring of protection from fire (right scythe-like blade)
 w - an uncursed ring of resist corrosion
 G - the ring "Ashreyqo" {Ice +Blink}
   (You found it on level 9 of the Dungeon)

   [ring of ice]

   It enhances your ice magic, and weakens your fire magic.
   It makes you vulnerable to fire.
   It protects you from cold.
   It lets you blink.
Scrolls
 a - 2 scrolls of recharging
 b - 3 scrolls of identify
 e - a scroll of enchant weapon
 g - a scroll of teleportation
 m - 5 scrolls of blinking
 q - 4 scrolls of remove curse
 x - a scroll of amnesia
 y - 2 scrolls of random uselessness {unknown}
 z - a scroll of fear {unknown}
 B - a scroll of fog
 C - a scroll of silence {unknown}
Potions
 f - 4 potions of curing
 h - a potion of flight {unknown}
 k - 2 potions of cancellation
 n - 4 potions of might
 u - 2 potions of berserk rage
 A - 2 potions of haste
 E - a potion of agility
Books
 D - a book of Burglary

   Spells                             Type                      Level
   a - Swiftness                      Charms/Air                   2
   b - Passwall                       Transmutation/Earth          2
   c - Passage of Golubria            Translocation                4
   d - Lee's Rapid Deconstruction     Earth                        5
   e - Darkness                       Hexes                        6
   f - Invisibility                   Hexes                        6
Comestibles
 c - 11 bread rations
 i - 7 meat rations
 p - 11 slices of pizza
 v - 3 beef jerkies


   Skills:
 - Level 7.0 Fighting
 + Level 5.3 Dodging
 - Level 13.0 Unarmed Combat
 - Level 4.0 Spellcasting
 * Level 0.0 Charms
 - Level 9.0 Transmutations
 * Level 0.0 Air Magic
 - Level 2.0 Poison Magic
 + Level 5.5 Invocations


You had 4 spell levels left.
You knew the following spells:

 Your Spells              Type           Power        Failure   Level  Hunger
a - Swiftness             Chrm/Air       #.......     67%         2    ##.....
b - Spider Form           Trmt/Pois      ###.......   36%         3    ###....
c - Blade Hands           Trmt           ####......   50%         5    ######.
d - Ice Form              Ice/Trmt       ###.....     67%         4    ####...


Dungeon Overview and Level Annotations

Branches:
Dungeon (11/15)            Temple (1/1) D:4            Lair (0/8) D:11
    Orc (0/2) D:9

Altars:
Cheibriados
Dithmenos
Gozag
Makhleb
Nemelex Xobeh
Okawaru
Ru
Sif Muna
Trog
Vehumet
Xom
Zin
The Shining One

Shops:
D:4 %


Innate Abilities, Weirdness & Mutations

You can breathe blasts of noxious fumes.
Your lurid green scales are hard (AC +7).
Your body does not fit into most forms of armour.
Your system is resistant to poisons.
You are cold-blooded and may be slowed by cold attacks.


Message History

You are feeling very hungry.
You reach down and open the door.
A minotaur comes into view.
It is wielding a jewelled great sword {slice}.
The minotaur bellows!
Found a faintly glowing broad axe.
Found an escape hatch in the ceiling.
There is an open door here.
The minotaur hits you with a jewelled great sword {slice}!!
The minotaur misses you.
You completely miss the minotaur.
The minotaur furiously retaliates!
The minotaur headbutts you, but does no damage.
The minotaur hits you with a jewelled great sword {slice}!
The minotaur gores you but does no damage.
You slice the minotaur!!
Your tail-slap misses the minotaur.
The minotaur is moderately wounded.
You barely miss the minotaur.
The minotaur is moderately wounded.
The minotaur hits you with a jewelled great sword {slice}!!!
* * * LOW HITPOINT WARNING * * *
x2 The minotaur gores you!
You die...

.###
#####.#### #
# # . #...#
... # # #
#.###.######
. .
.#.#.#.#....
....# #.
........## #
# # #.#
#######..#
#.# #≈≈
#.#..### #
#≈≈.#.#....#
#≈<.H@'..###
#≈≈.#.#..#
#≈≈ #.#..#
## ###....
.. ### ...
.##


You could see a minotaur.

Vanquished Creatures
  Erica (D:8)
  A centaur warrior (D:10)
  Urug (D:11)
  A hill giant (D:10)
  An orc knight (Bailey)
  The ghost of Gianozzolo the Changer, a novice NaTm (D:6)
  A griffon (D:9)
  A troll (D:10)
  2 two-headed ogres
  Grinder (D:4)
  5 yaks
  A hill giant zombie (D:9)
  A hungry ghost (D:11)
  The ghost of Gianozzolo the Changer, an amateur NaTm (D:4)
  A wyvern (D:9)
  A human (D:7)
  Grum (D:8)
  4 hippogriffs
  Menkaure (D:7)
  A water moccasin (D:9)
  8 orc warriors
  A sky beast (D:9)
  An eye of draining (D:7)
  6 phantoms
  9 ogres
  A black bear (D:6)
  3 necrophages (D:10)
  2 centaurs
  4 wolves (D:8)
  The ghost of Biabri the Charlatan, an amateur OpAr (D:3)
  A big kobold (D:8)
  4 giant frogs
  A gnoll sergeant (D:8)
  A water moccasin skeleton (D:7)
  3 scorpions
  4 troll zombies (D:9)
  4 electric eels (D:7)
  13 wights
  5 crimson imps
  A howler monkey (D:9)
  A wasp zombie (D:9)
  A quasit (D:9)
  2 centaur zombies
  4 jellies
  5 orc priests
  4 hounds
  2 giant frog skeletons
  12 orc wizards
  3 centaur skeletons
  5 iguanas
  7 worker ants
  3 sheep (D:7)
  3 ogre zombies (D:9)
  A mummy (D:10)
  A hound zombie (D:10)
  2 hound skeletons
  3 worker ant zombies
  12 gnolls
  A river rat (D:11)
  13 adders
  An adder skeleton (D:9)
  An adder zombie (D:10)
  A worm (D:2)
  10 dart slugs
  2 giant geckos
  52 orcs
  A ball python (D:2)
  9 bats
  5 giant cockroaches
  15 goblins
  6 hobgoblins
  16 jackals
  4 quokkas
  7 giant newts
  2 goblin zombies (D:9)
  4 hobgoblin zombies (D:9)
  15 kobolds
  An orc skeleton (D:9)
  18 orc zombies (D:9)
  A quokka skeleton (D:4)
  6 rats
363 creatures vanquished.

Vanquished Creatures (others)
  5 sheep (D:4)
  An adder (D:7)
  4 fungi (D:11)
  4 plants (D:11)
14 creatures vanquished.

Grand Total: 377 creatures vanquished

Notes
Turn   | Place    | Note
--------------------------------------------------------------
     0 | D:1      | Gianozzolo the Draconian Transmuter began the quest for the Orb.
     0 | D:1      | Reached XP level 1. HP: 16/16 MP: 3/3
   291 | D:1      | Reached XP level 2. HP: 17/23 MP: 3/5
   902 | D:2      | Reached XP level 3. HP: 27/28 MP: 4/6
   907 | D:2      | Learned a level 3 spell: Spider Form
  1082 | D:2      | Reached skill level 1 in Poison Magic
  1082 | D:2      | Reached XP level 4. HP: 15/35 MP: 4/7
  1643 | D:2      | Reached skill level 4 in Unarmed Combat
  1762 | D:3      | Reached XP level 5. HP: 32/40 MP: 4/8
  2441 | D:3      | Found a shadowy altar of Dithmenos.
  2480 | D:3      | Found an iron altar of Okawaru.
  2545 | D:3      | Noticed Biabri's ghost (amateur OpAr)
  2552 | D:3      | Killed Biabri's ghost
  2552 | D:3      | Reached skill level 5 in Transmutations
  2552 | D:3      | Reached XP level 6. HP: 45/47 MP: 5/9
  2561 | D:3      | Learned a level 5 spell: Blade Hands
  2707 | D:3      | HP: 2/47 [gnoll (3)]
  3395 | D:4      | Reached skill level 5 in Unarmed Combat
  3417 | D:4      | Found a shimmering altar of Xom.
  3549 | D:4      | Found a staircase to the Ecumenical Temple.
  3560 | Temple   | Entered the Ecumenical Temple
  3569 | Temple   | Became a worshipper of Makhleb the Destroyer
  3604 | D:4      | Your scales start taking on a lurid green colour.
  3604 | D:4      | Reached XP level 7. HP: 52/52 MP: 7/10
  3604 | D:4      | Gained mutation: Your system is resistant to poisons. [Green Draconian growth]
  3688 | D:4      | Noticed Gianozzolo's ghost (amateur NaTm)
  3702 | D:4      | Killed Gianozzolo's ghost
  3719 | D:4      | Noticed Grinder
  3736 | D:4      | Killed Grinder
  4026 | D:4      | Found Ilepn's Food Boutique.
  4141 | D:5      | Entered Level 5 of the Dungeon
  4147 | D:5      | Reached skill level 6 in Unarmed Combat
  4211 | D:5      | Reached XP level 8. HP: 46/59 MP: 5/11
  4432 | D:5      | Reached * piety under Makhleb
  4523 | D:5      | Found a sparkling altar of Nemelex Xobeh.
  4869 | D:6      | Reached skill level 7 in Unarmed Combat
  4916 | D:6      | Noticed Gianozzolo's ghost (novice NaTm)
  5230 | D:6      | Killed Gianozzolo's ghost
  5230 | D:6      | Reached XP level 9. HP: 60/68 MP: 7/13
  5282 | D:6      | Reached skill level 8 in Unarmed Combat
  5295 | D:6      | Reached ** piety under Makhleb
  6401 | D:7      | Noticed Menkaure
  6407 | D:7      | Killed Menkaure
  7109 | D:7      | Reached skill level 9 in Unarmed Combat
  7462 | D:7      | Reached *** piety under Makhleb
  7471 | D:7      | Reached skill level 5 in Fighting
  7623 | D:7      | Reached XP level 10. HP: 38/81 MP: 10/16
  8060 | D:8      | Reached skill level 10 in Unarmed Combat
  8160 | D:8      | Noticed Erica
  8174 | D:8      | Killed Erica
  8252 | D:8      | Noticed Grum
  8265 | D:8      | Killed Grum
  8269 | D:8      | Reached **** piety under Makhleb
  8353 | D:8      | Found a glowing silver altar of Zin.
  8355 | D:8      | Found a bloodstained altar of Trog.
  8355 | D:8      | Found a sparkling altar of Nemelex Xobeh.
  8357 | D:8      | Found a snail-covered altar of Cheibriados.
  8433 | D:8      | Reached skill level 11 in Unarmed Combat
  8457 | D:8      | Found a shimmering altar of Xom.
  8547 | D:8      | Reached skill level 1 in Invocations
  8564 | D:8      | Learned a level 4 spell: Ice Form
  8867 | D:8      | Found an opulent altar of Gozag.
  9000 | D:9      | Noticed a griffon
  9005 | D:9      | Killed a griffon
  9015 | D:9      | Got a serpentine tin ring
  9019 | D:9      | Identified the ring "Ashreyqo" {Ice +Blink} (You found it on level 9 of the Dungeon)
  9134 | D:9      | Found a staircase to the Orcish Mines.
  9136 | D:9      | Reached ***** piety under Makhleb
  9159 | D:9      | Reached XP level 11. HP: 75/92 MP: 13/17
  9369 | D:10     | Entered Level 10 of the Dungeon
  9372 | D:10     | Noticed a centaur warrior
  9628 | D:10     | Killed a centaur warrior
  9628 | D:10     | Reached skill level 12 in Unarmed Combat
  9648 | D:10     | Found a flagged portal.
  9674 | Bailey   | Entered a bailey
  9900 | Bailey   | Noticed an orc knight
  9909 | Bailey   | Killed an orc knight
 10336 | D:10     | Reached ****** piety under Makhleb
 10502 | D:10     | Noticed a hill giant
 10512 | D:10     | Killed a hill giant
 10512 | D:10     | Reached skill level 5 in Invocations
 10742 | D:10     | Learned a level 2 spell: Swiftness
 10785 | D:11     | Noticed Urug
 10810 | D:11     | Reached skill level 5 in Dodging
 10920 | D:11     | Killed Urug
 10920 | D:11     | Reached skill level 13 in Unarmed Combat
 10957 | D:11     | Found a labyrinth entrance.
 10995 | Lab      | Entered a labyrinth
 11340 | Lab      | Noticed a minotaur
 11345 | Lab      | Identified the +9 great sword of the Lair of Beasts {slice, rF+}
 11345 | Lab      | Slain by a minotaur

Skill      XL: |  1  2  3  4  5  6  7  8  9 10 11 |
---------------+----------------------------------+-----
Transmutations | 3 4 5 6 7 9 |  9.0
Poison Magic   | 1 2 |  2.0
Unarmed Combat | 4 5 6 7 9 11 13 | 13.0
Fighting       | 2 5 7 |  7.0
Spellcasting   | 4 |  4.0
Dodging        | 3 5 |  5.3
Invocations    | 3 5 |  5.5

Action                   |  1- 3 |  4- 6 |  7- 9 | 10-12 || total
-------------------------+-------+-------+-------+-------++-------
Melee: Unarmed           |   108 |   236 |   408 |   480 ||  1232
       Kick              |     5 |     1 |       |       ||     6
       Headbutt          |     2 |     2 |     4 |       ||     8
       Tailslap          |     9 |    12 |    39 |    63 ||   123
       Punch             |     1 |     1 |     8 |    19 ||    29
 Cast: Beastly Appendage |    11 |     3 |     3 |       ||    17
       Spider Form       |     2 |    11 |     2 |       ||    15
       Blade Hands       |       |       |    17 |    23 ||    40
Invok: Minor Destruction |       |       |       |     2 ||     2
 Abil: Breathe Noxious F |       |       |    10 |    21 ||    31
  Use: Scroll            |       |       |    13 |     6 ||    19
 Stab: Sleeping          |     1 |     1 |       |     1 ||     3
       Confused          |       |       |     5 |     4 ||     9
       Distracted        |       |       |     1 |       ||     1
  Eat: Chunk             |     1 |    10 |    18 |    21 ||    50
       Bread ration      |       |       |     1 |     1 ||     2
Armor: Skin              |    34 |    78 |   104 |   162 ||   378
Dodge: Dodged            |    79 |   184 |   208 |   296 ||   767
